 Dungeon Crawl Stone Soup version 0.19-a0-1803-g97ff39f (webtiles) character file.

832 Naow the Cleaver (level 7, -5/58 HPs)
             Began as a Minotaur Berserker on Oct 5, 2016.
             Was a Priest of Trog.
             Slain by an ogre
             ... wielding a +0 giant spiked club
              (26 damage)
             ... on level 4 of the Dungeon.
             The game lasted 00:05:43 (4208 turns).

Naow the Cleaver (Minotaur Berserker)               Turns: 4208, Time: 00:05:44

Health: -5/58      AC:  5    Str: 21    XL:     7   Next: 65%
Magic:  6/6        EV: 12    Int:  6    God:    Trog [***...]
Gold:   197        SH:  0    Dex: 10    Spells: 0 memorised, 6 levels left

rFire  . . .     SeeInvis .     a - +0 hand axe
rCold  + . .     Gourm    .     v - +2 leather armour {rC+}
rNeg   . . .     Faith    .     (no shield)
rPois  .         Spirit   .     (helmet restricted)
rElec  .         Dismiss  +     (no cloak)
rCorr  .         Reflect  .     (no gloves)
MR     .....     Harm     .     (no boots)
Stlth  ++........               e - amulet of dismissal
                                (no ring)
                                r - ring of stealth

@: no status effects
A: retaliatory headbutt, horns 2
a: Berserk, Trog's Hand, Burn Spellbooks, Renounce Religion


You were on level 4 of the Dungeon.
You worshipped Trog.
Trog was most pleased with you.
You were not hungry.

You visited 1 branch of the dungeon, and saw 4 of its levels.

You collected 197 gold pieces.

Inventory:

Hand Weapons
 a - a +0 hand axe (weapon)
Armour
 b - a +0 animal skin
 v - a +2 leather armour of cold resistance (worn)
Jewellery
 e - an amulet of dismissal (around neck)
 r - a ring of stealth (left hand)
Wands
 z - a wand of random effects (11/48)
Scrolls
 f - 3 scrolls of recharging {unknown}
 g - 2 scrolls of fog {unknown}
 h - 10 scrolls of identify {unknown}
 i - a scroll of teleportation {unknown}
 k - 2 scrolls of remove curse {unknown}
 n - a scroll of random uselessness {unknown}
 o - a scroll of enchant armour {unknown}
 s - 2 scrolls of enchant weapon {unknown}
 u - 2 scrolls of magic mapping {unknown}
 w - a scroll of immolation {unknown}
 y - a scroll of fear {unknown}
 B - a scroll of noise {unknown}
Potions
 j - a potion of ambrosia {unknown}
 l - a potion of degeneration {unknown}
 m - a potion of haste
 p - a potion of agility {unknown}
 q - a potion of cancellation {unknown}
 x - a potion of lignification {unknown}
 A - a potion of curing {unknown}
 D - a potion of brilliance {unknown}
 E - a potion of flight {unknown}
 F - a potion of heal wounds {unknown}
Books
 C - a book of Conjurations

   Spells                             Type                      Level
   a - Magic Dart                     Conjuration                  1
   b - Searing Ray                    Conjuration                  2
   c - Dazzling Spray                 Conjuration/Hexes            3
   d - Fulminant Prism                Conjuration/Hexes            4
   e - Iskenderun's Mystic Blast      Conjuration                  4
   f - Iskenderun's Battlesphere      Conjuration/Charms           5
   Trog disapproves of the use of such an item.
Comestibles
 c - 2 bread rations
 d - 2 fruits
 t - 2 beef jerkies
 G - a chunk of flesh


   Skills:
 - Level 3.9 Fighting
 + Level 10.6 Axes
 - Level 2.5 Armour
 - Level 2.6 Dodging


You had 6 spell levels left.
You didn't know any spells.

Dungeon Overview and Level Annotations

Branches:
Dungeon (4/15)
 Temple: D:4-7

Altars:
Cheibriados
Gozag


Innate Abilities, Weirdness & Mutations

You reflexively headbutt those who attack you in melee.
You have a pair of horns on your head.


Message History

You see here 14 stones.
You barely miss the ogre.
The ogre hits you with a giant spiked club.
You hit the ogre. You headbutt the ogre.
The ogre is moderately wounded.
You slash the ogre!
The ogre is heavily wounded.
The ogre hits you with a giant spiked club!
You barely miss the ogre.
The ogre is heavily wounded.
You hit the ogre. You headbutt the ogre.
The ogre is almost dead.
The ogre hits you with a giant spiked club!!
Okay, then.
You barely miss the ogre.
The ogre is almost dead.
You barely miss the ogre. Your headbutt misses the ogre.
The ogre is almost dead.
The ogre hits you with a giant spiked club!!
You die...

######.##### #.....# ##...
#..........####.....###....
#)####.###.##.......##.....
#.# #.# #.##.#.....#......
#.####.# #.##.#.....#......
#.##...# #.##......##....>.
#.##.### #.#######.###.....
#.##.# #O# #.# ##....
#.##.# #@# #.# ##...
#.##.#####.# #># ######
#..........# ###.###...#
####.####### #.........##
#.# #.####....##
#.###########.# #.#.###
#.<...........# #.#....
############### #.##### #.#
##


You could see an ogre.

Vanquished Creatures
  Sigmund (D:4)
  Menkaure (D:4)
  The ghost of Naow the Chopper, an amateur MiBe of Trog (D:3)
  A phantom (D:4)
  A scorpion (D:3)
  2 orc wizards
  Natasha (thrice) (D:2)
  A worker ant (D:4)
  6 adders
  An ooze (D:3)
  A worm (D:3)
  5 dart slugs
  A leopard gecko (D:4)
  13 orcs
  4 giant cockroaches
  14 goblins
  8 hobgoblins
  2 jackals (D:2)
  4 quokkas
  A ball python (D:3)
  9 bats
  4 frilled lizards
  11 kobolds
  9 rats
104 creatures vanquished.

Notes
Turn   | Place    | Note
-------+----------+-------------------------------------------
     0 | D:1      | Naow the Minotaur Berserker began the quest for the Orb.
     0 | D:1      | Reached XP level 1. HP: 19/19 MP: 0/0
    69 | D:1      | Reached XP level 2. HP: 15/27 MP: 1/1
   149 | D:1      | Reached skill level 4 in Axes
   283 | D:1      | Reached XP level 3. HP: 15/33 MP: 2/2
   432 | D:1      | Reached ** piety under Trog
   633 | D:2      | Noticed Natasha
   642 | D:2      | Killed Natasha
   642 | D:2      | Reached skill level 5 in Axes
   645 | D:2      | Reached XP level 4. HP: 17/40 MP: 3/3
   976 | D:2      | Noticed Natasha
   980 | D:2      | Killed Natasha
  1093 | D:2      | Reached skill level 6 in Axes
  1115 | D:2      | Found an opulent altar of Gozag.
  1250 | D:2      | Noticed Natasha
  1259 | D:2      | Killed Natasha
  1259 | D:2      | Reached XP level 5. HP: 25/46 MP: 4/4
  1882 | D:3      | Noticed Naow's ghost (amateur MiBe)
  1894 | D:3      | Killed Naow's ghost
  1894 | D:3      | Reached skill level 7 in Axes
  2075 | D:3      | Reached XP level 6. HP: 41/52 MP: 5/5
  2131 | D:3      | Reached skill level 8 in Axes
  2251 | D:3      | Reached *** piety under Trog
  2281 | D:3      | Found a snail-covered altar of Cheibriados.
  3620 | D:4      | Noticed Sigmund
  3717 | D:4      | Killed Sigmund
  3717 | D:4      | Reached skill level 9 in Axes
  3717 | D:4      | Reached XP level 7. HP: 54/58 MP: 6/6
  3823 | D:4      | Noticed Menkaure
  3834 | D:4      | Killed Menkaure
  3834 | D:4      | Reached skill level 10 in Axes
  4208 | D:4      | Slain by an ogre

Vault maps used:
D:1:      minmay_arrival_hallway, minmay_pentomino_w4
D:2:      interstate_on_off, grunt_gozag_breadcrumbs, uniq_natasha
D:3:      first_bread, st_stairs_4, cheibriados_altar_1
D:4:      uniq_menkaure, uniq_sigmund

Skill      XL: |  1  2  3  4  5  6  7 |
---------------+----------------------+-----
Axes           | 4 5 6 7 9 10 | 10.6
Fighting       | |  3.9
Armour         | |  2.5
Dodging        | |  2.6

Action                   |  1- 3 |  4- 6 |  7- 9 || total
-------------------------+-------+-------+-------++-------
Melee: Hand axe          |    64 |   167 |    25 ||   256
       Headbutt          |     9 |    23 |     4 ||    36
Invok: Berserk           |     3 |     3 |     1 ||     7
       Trog's Hand       |       |     1 |     1 ||     2
 Stab: Sleeping          |       |     1 |     2 ||     3
  Eat: Chunk             |     1 |    14 |     2 ||    17
       Fruit             |       |     1 |       ||     1
Armor: Animal skin       |     6 |    20 |       ||    26
       Leather armour    |       |     6 |     1 ||     7
Dodge: Dodged            |    42 |    83 |     8 ||   133
